 Dungeon Crawl Stone Soup version 0.21.0-3-g78d12a8 (webtiles) character file.

59 HungrySpirit the Cutter (level 4, -2/27 HPs)
             Began as a Kobold Skald on Jan 13, 2018.
             Slain by Sigmund
             ... wielding a +0 scythe
              (8 damage)
             ... on level 2 of the Dungeon.
             The game lasted 00:04:28 (2568 turns).

HungrySpirit the Cutter (Kobold Skald)              Turns: 2568, Time: 00:04:29

Health: -2/27      AC:  7    Str: 13    XL:     4   Next: 22%
Magic:  7/7        EV: 13    Int: 14    God:
Gold:   67         SH:  0    Dex: 15    Spells: 6/7 levels left

rFire    . . .     SeeInvis .   a - +0 short sword
rCold    . . .     Gourm    .   i - +0 buckler
rNeg     . . .     Faith    .   n - +0 ring mail
rPois    .         Spirit   .   o - +0 helmet
rElec    .         Reflect  .   (no cloak)
rCorr    .         Harm     .   (no gloves)
MR       .....                  k - +0 pair of boots
Stlth    ..........             (no amulet)
HPRegen  0.09/turn              (no ring)
MPRegen  0.10/turn              (no ring)

@: confused, mighty
A: small, carnivore
a: no special abilities


You were on level 2 of the Dungeon.
You were completely stuffed.

You visited 1 branch of the dungeon, and saw 2 of its levels.

You collected 67 gold pieces.

Inventory:

Hand Weapons
 a - a +0 short sword (weapon)
Missiles
 l - 4 tomahawks (quivered)
Armour
 i - a +0 buckler (worn)
 k - a +0 pair of boots (worn)
 n - a +0 ring mail (worn)
 o - a +0 helmet (worn)
Scrolls
 b - a scroll of teleportation {unknown}
 e - a scroll of identify {unknown}
 f - 2 scrolls of remove curse {unknown}
 j - a scroll of enchant armour {unknown}
Potions
 h - a potion of might
Books
 c - a book of Battle

   Spells                             Type                      Level
   a - Infusion                       Charms                       1
   b - Shroud of Golubria             Charms/Translocation         2
   c - Song of Slaying                Charms                       2
   d - Spectral Weapon                Hexes/Charms                 3
   e - Regeneration                   Charms/Necromancy            3
Comestibles
 d - 3 rations
 g - 7 chunks of flesh


   Skills:
 + Level 2.8 Fighting
 * Level 4.6 Short Blades
 - Level 0.7 Armour
 + Level 3.1 Dodging
 + Level 0.2 Stealth
 - Level 2.1 Spellcasting
 - Level 2.4 Charms


You had 6 spell levels left.
You knew the following spells:

 Your Spells              Type           Power        Failure   Level  Hunger
a - Infusion              Chrm           #...         32%         1    #......


Dungeon Overview and Level Annotations

Branches:
Dungeon (2/15)

Altars:
Dithmenos
Okawaru
Sif Muna
Xom

Annotations:
D:2 Sigmund


Innate Abilities, Weirdness & Mutations

You are small and have problems with some larger weapons.
You are carnivorous and can eat meat at any time.


Message History

You closely miss Sigmund.
Sigmund is lightly wounded.
Sigmund barely misses you.
You closely miss Sigmund.
Sigmund is lightly wounded.
Sigmund flickers, as though insubstantial.
Sigmund barely misses you.
You miss Sigmund.
Sigmund is lightly wounded.
Sigmund hits you with a scythe!
You puncture Sigmund!
Sigmund is heavily wounded.
Sigmund points at you and mumbles some strange words.
The puff of flame hits you!
* * * LOW HITPOINT WARNING * * *
You bump into the rock wall.
Sigmund casts a spell at you.
You are more confused.
Sigmund hits you with a scythe!
You die...

#...._......# #..#.#
###...........# ##.#@#
.....#...#....# #...#
####.##.##....# ##..#
#..........# #..#
#..........########..#
##.........#...@...#.#
####'######@#####.#.#
#.# #.@.# #.#.# #.#
####.###..>#
#.#####.##...#####
#.##....####.#
#.##.##.####.#
#.##.##.#....#
#.##.##.#.####
#....##...#
###########


You could see Sigmund.

Vanquished Creatures
  Robin (D:2)
  A worm (D:2)
  A leopard gecko (D:1)
  A giant cockroach (D:2)
  12 goblins
  6 hobgoblins
  4 jackals (D:2)
  A quokka (D:2)
  A bat (D:1)
  A frilled lizard (D:1)
  4 kobolds
  6 rats
  A toadstool (D:1)
40 creatures vanquished.

Vanquished Creatures (others)
  3 toadstools (D:1)
3 creatures vanquished.

Grand Total: 43 creatures vanquished

Notes
Turn   | Place    | Note
-------+----------+-------------------------------------------
     0 | D:1      | HungrySpirit the Kobold Skald began the quest for the Orb.
     0 | D:1      | Reached XP level 1. HP: 12/12 MP: 3/3
   321 | D:1      | Reached skill level 3 in Short Blades
   382 | D:1      | Reached XP level 2. HP: 11/17 MP: 5/5
  1635 | D:2      | Found a deep blue altar of Sif Muna.
  1683 | D:2      | Reached XP level 3. HP: 16/22 MP: 2/6
  1863 | D:2      | Reached skill level 4 in Short Blades
  2046 | D:2      | Found a shimmering altar of Xom.
  2087 | D:2      | Noticed Robin
  2200 | D:2      | Found a shadowy altar of Dithmenos.
  2412 | D:2      | Killed Robin
  2412 | D:2      | Reached XP level 4. HP: 22/27 MP: 2/7
  2419 | D:2      | Noticed Sigmund
  2465 | D:2      | Found an iron altar of Okawaru.
  2568 | D:2      | Slain by Sigmund

Skill      XL: |  1  2  3 |
---------------+----------+-----
Short Blades   | 3 4 |  4.6
Dodging        | 3 |  3.1
Fighting       | |  2.8
Armour         | |  0.7
Stealth        | |  0.2
Spellcasting   | |  2.1
Charms         | |  2.4

Action                   |  1- 3 |  4- 6 || total
-------------------------+-------+-------++-------
Melee: Short sword       |   181 |    11 ||   192
 Cast: Infusion          |     8 |     1 ||     9
  Use: Potion            |       |     2 ||     2
  Eat: Chunk             |    13 |     1 ||    14
Armor: Leather armour    |    10 |       ||    10
       Ring mail         |    29 |       ||    29
Dodge: Dodged            |   104 |     5 ||   109
Block: Buckler           |    21 |     1 ||    22
